 Dungeon Crawl Stone Soup version 0.30-a0-371-gad7725a93e (webtiles) character file.

Game seed: 14281136710377937754

159 jfcaron the Conjurer (level 5, -16/30 HPs)
             Began as a Tengu Reaver on Nov 22, 2022.
             Killed by an exploding butterfly (25 damage)
             ... ignited by their inner flame
             ... on level 4 of the Dungeon.
             The game lasted 00:12:35 (2831 turns).

jfcaron the Conjurer (Tengu Reaver)                 Turns: 2831, Time: 00:12:37

Health: -16/30     AC: 10    Str: 15    XL:     5   Next: 40%
Magic:  9/9        EV: 14    Int: 16    God:
Gold:   119        SH:  0    Dex: 12    Spells: 2/9 levels left

rFire   . . .      SeeInvis .    s - +7 quarterstaff of Grandeur {vorpal, rPois Int+3}
rCold   . . .      Faith    .    (shield currently unavailable)
rNeg    . . .      Spirit   .    b - +0 leather armour
rPois   +          Reflect  .    (helmet restricted)
rElec   .          Harm     .    (no cloak)
rCorr   .          Rampage  .    n - +2 pair of gloves "Bayterai" {Will+}
Will    +....                    (boots unavailable)
Stlth   +.........               m - amulet of the acrobat
HPRegen 0.25/turn                t - ring of willpower
MPRegen 0.11/turn                o - +4 ring of protection

@: weak-willed, flying quickly and evasively, quick
A: beak, talons 3, nimble flight
a: no special abilities


You were on level 4 of the Dungeon.
You visited 1 branch of the dungeon, and saw 4 of its levels.

You collected 119 gold pieces.

Inventory:

Hand Weapons
 a - a +0 hand axe
 h - a +2 whip of venom
 s - the +7 quarterstaff of Grandeur (weapon) {vorpal, rPois Int+3}
   (You found it on level 2 of the Dungeon)

   It inflicts extra damage upon your enemies.
   Int:       It affects your intelligence (+3).
   rPois:     It protects you from poison.
Missiles
 i - 28 stones
 r - 5 javelins
 z - 5 poisoned darts
Armour
 b - a +0 leather armour (worn)
 e - the +4 buckler "Dak Beti" {Int+2 Stlth+}
   (You acquired it on level 4 of the Dungeon)

   Int:       It affects your intelligence (+2).
   Stlth:     It makes you more stealthy.
 n - the +2 pair of gloves "Bayterai" (worn) {Will+}
   (You acquired it on level 4 of the Dungeon)

   Will:      It increases your willpower.
Jewellery
 c - a ring of positive energy
 m - an amulet of the acrobat (around neck)
 o - a +4 ring of protection (right hand)
 t - a ring of willpower (left hand)
Scrolls
 k - a scroll of fear
 p - 2 scrolls of teleportation
 w - 2 scrolls of amnesia
 y - a scroll of butterflies
Potions
 d - 3 potions of curing
 f - 2 potions of haste
 g - a potion of brilliance
 j - a potion of resistance
 l - 3 potions of heal wounds
 v - a potion of mutation {unknown}
 C - 2 potions of flight


   Skills:
 - Level 2.0 Fighting
 - Level 3.6 Axes
 - Level 1.1 Staves
 - Level 3.0 Dodging
 + Level 0.0 Shields
 + Level 2.6 Spellcasting
 * Level 5.6 Conjurations
 * Level 1.7 Ice Magic


You had 2 spell levels left.
You knew the following spells:

 Your Spells              Type           Power      Damage    Failure   Level
a - Kiss of Death         Conj/Necr      44%        2d8       8%          1
b - Momentum Strike       Conj/Tloc      22%        3d8       12%         2
c - Hailstorm             Conj/Ice       13%        3d5       16%         3
d - Magic Dart            Conj           80%        1d7       2%          1

Your spell library contained the following spells:

 Spells                   Type           Power      Damage    Failure   Level
 Searing Ray              Conj           40%        2d5       3%          2
 Apportation              Tloc           4%         N/A       24%         1
 Necrotise                Necr           8%         1d4       24%         1
 Summon Small Mammal      Summ           8%         N/A       24%         1
 Stone Arrow              Conj/Erth      22%        3d8       22%         3
 Gell's Gravitas          Tloc           2%         N/A       58%         3
 Ignite Poison            Fire/Tmut/Pois 2%         N/A       58%         3
 Kindle Blastsparks       Fire/Tloc/Air  4%         2d10      58%         3
 Teleport Other           Tloc           2%         N/A       58%         3
 Fulminant Prism          Conj/Hex       5%         3d7       58%         4
 Animate Armour           Summ/Erth      4%         N/A       94%         4
 Freezing Cloud           Conj/Ice/Air   5%         6-21      94%         5
 Dispersal                Tloc           1%         N/A       100%        6
 Lehudib's Crystal Spear  Conj/Erth      5%         10d3      100%        8


Dungeon Overview and Level Annotations

Branches:
Dungeon (4/15)
 Temple: D:4-7

Altars:
Yredelemnul


Innate Abilities, Weirdness & Mutations

You have a beak for a mouth.
You have claws for feet.
Your magical nature lets you fly swiftly and evasively.


Message History

The fiery explosion engulfs your butterfly!!
Your butterfly disappears in a burst of colours!
Your butterfly explodes!
The fiery explosion engulfs your butterfly!!
Your butterfly disappears in a burst of colours!
The fiery explosion engulfs your butterfly!!!
Your butterfly disappears in a burst of colours!
The fiery explosion engulfs your butterfly!!
Your butterfly disappears in a burst of colours!
Your butterfly explodes!
The fiery explosion engulfs your butterfly!!
Your butterfly disappears in a burst of colours!
Your butterfly explodes!
The fiery explosion engulfs your butterfly!!!
Your butterfly disappears in a burst of colours!
The fiery explosion engulfs your butterfly!!
Your butterfly disappears in a burst of colours!
The fiery explosion engulfs your butterfly!!
Your butterfly disappears in a burst of colours!
The fiery explosion engulfs your butterfly!!!
Your butterfly disappears in a burst of colours!
Your butterfly explodes!
The fiery explosion engulfs your butterfly!!!
Your butterfly disappears in a burst of colours!
The fiery explosion engulfs your butterfly!
Your butterfly disappears in a burst of colours!
The fiery explosion engulfs your butterfly!!
Your butterfly disappears in a burst of colours!
Your butterfly explodes!
The fiery explosion engulfs your butterfly!
Your butterfly disappears in a burst of colours!
The fiery explosion engulfs you!!
Ouch! That really hurt!
* * * LOW HITPOINT WARNING * * *
Your butterfly explodes!
The fiery explosion engulfs your butterfly!
Your butterfly disappears in a burst of colours!
The fiery explosion engulfs you!!
Ouch! That really hurt!
You die...

#§## §§
###§.###§§§ §
###§§§§§§#§§#
§.#.b§§§§§§§§##
§§bb.§§§§§§§§§§
§§§..§§§§§§§§§§
§§§§b§§§§§§§§#
§§§§b§§@§§§§§#
§§§§######§§##
§ #


There were no monsters in sight!

Vanquished Creatures
  A scorpion zombie (D:3)
  A hound zombie (D:3)
  A hound skeleton (D:3)
  2 howler monkey skeletons (D:3)
  2 adders (D:2)
  An adder zombie (D:3)
  An adder skeleton (D:3)
  2 worms
  A dart slug (D:2)
  3 endoplasms
  A giant cockroach (D:1)
  4 goblins
  3 hobgoblins
  10 jackals
  3 quokkas
  5 ball pythons
  A ball python skeleton (D:3)
  A ball python zombie (D:3)
  7 bats
  3 frilled lizards
  7 kobolds
  A quokka skeleton (D:3)
  6 rats
  A withered plant (D:3)
68 creatures vanquished.

Notes
Turn   | Place    | Note
-------+----------+-------------------------------------------
     0 | D:1      | jfcaron the Tengu Reaver began the quest for the Orb.
     0 | D:1      | Reached XP level 1. HP: 12/12 MP: 4/4
    89 | D:1      | Reached XP level 2. HP: 17/17 MP: 6/6
    92 | D:1      | Learned a level 2 spell: Momentum Strike
   349 | D:1      | Found a faded altar of an unknown god.
  1014 | D:2      | Reached XP level 3. HP: 21/21 MP: 7/7
  1020 | D:2      | Learned a level 3 spell: Hailstorm
  1175 | D:2      | Identified the +7 quarterstaff of Grandeur {vorpal, rPois
                  | Int+3}
  1567 | D:2      | Reached skill level 5 in Conjurations
  1618 | D:2      | Reached XP level 4. HP: 26/26 MP: 8/8
  1836 | D:3      | Reached skill level 1 in Ice Magic
  1891 | D:3      | Gained mutation: Your magical nature lets you fly swiftly
                  | and evasively. [Tengu growth]
  1891 | D:3      | Reached XP level 5. HP: 25/30 MP: 9/9
  2109 | D:3      | Reached skill level 1 in Staves
  2281 | D:3      | Found a basalt altar of Yredelemnul.
  2804 | D:4      | Identified 2 scrolls of acquirement
  2804 | D:4      | Acquired the +4 buckler "Dak Beti" {Int+2 Stlth+}
  2821 | D:4      | Learned a level 1 spell: Magic Dart
  2821 | D:4      | Acquired the +2 pair of gloves "Bayterai" {Will+}
  2831 | D:4      | Killed by an exploding butterfly... ignited by their inner
                  | flame

Illustrated notes

Levels and vault maps discovered:
D:1:      mrwooster_arrival_statue, layout_loops_corners,
          dilly_ecumenical_altar_fadedgnrine
D:2:      layout_basic, chequers_garden, chequers_serial_rivers_micro_c
D:3:      layout_basic, lemuel_crystal_altar, serial_undead, serial_undead_b,
          serial_undead_a, serial_undead_c, serial_undead_e, serial_undead_d,
          serial_undead_b, grunt_decor_one_mirror, roderic_lattice_a
D:4:      layout_layer_cave

Skill      XL: |  1  2  3  4  5 |
---------------+----------------+-----
Conjurations   | 5 |  5.6
Ice Magic      | 1 |  1.7
Dodging        | 3 |  3.0
Staves         | 1 |  1.1
Fighting       | |  2.0
Axes           | |  3.6
Spellcasting   | |  2.6

Action                   |  1- 3 |  4- 6 || total
-------------------------+-------+-------++-------
Melee: Hand axe          |    37 |       ||    37
       Kick              |    16 |    13 ||    29
       Peck              |     9 |     4 ||    13
       Whip              |    21 |       ||    21
       Quarterstaff      |    19 |    44 ||    63
 Cast: Momentum Strike   |     1 |       ||     1
  Use: Scroll            |       |    16 ||    16
 Stab: Sleeping          |     3 |       ||     3
Armor: Leather armour    |    17 |    14 ||    31
Dodge: Dodged            |    61 |    37 ||    98

Table legend: (Time is in decaauts)
 A = Elapsed time spent in this place.
 B = Non-inter-level travel time spent in this place.
 C = Inter-level travel time spent in this place.
 D = Time resting spent in this place.
 E = Time spent auto-exploring this place.
 F = Levels seen in this place.
 G = Mean time per level.
                   A        B        C        D        E       F      G
               +--------+--------+--------+--------+--------+-----+--------+
         Total |   2773 |   2661 |    112 |     81 |   2153 |   4 |  693.2 |
       Dungeon |   2773 |   2661 |    112 |     81 |   2153 |   4 |  693.2 |
               +--------+--------+--------+--------+--------+-----+--------+

Top non-repeatable levels by time:
     D:1: 953 daAuts
     D:2: 879 daAuts
     D:3: 866 daAuts
     D:4: 73 daAuts
